 Dungeon Crawl Stone Soup version 0.28-a0-1142-gc8569940dd (webtiles) character file.

Game seed: 9788384946085683648

1102 ChaosChampion the Insei (level 8, -3/48 HPs)
             Began as an Octopode Transmuter on Dec 13, 2021.
             Was a Follower of Cheibriados.
             Killed from afar by a white imp (9 damage)
             ... with a puff of frost
             ... on level 7 of the Dungeon.
             The game lasted 00:13:58 (7880 turns).

ChaosChampion the Insei (Octopode Transmuter)       Turns: 7880, Time: 00:13:59

Health: -3/48      AC:  2    Str: 11    XL:     8   Next: 32%
Magic:  7/12       EV: 24    Int: 25    God:    Cheibriados [*.....]
Gold:   352        SH:  0    Dex: 17    Spells: 0/12 levels left

rFire   . . .      SeeInvis .     - Unarmed
rCold   . . .      Faith    .   (shield currently unavailable)
rNeg    . . .      Spirit   .   (helmet currently unavailable)
rPois   x          Reflect  .   (no amulet)
rElec   .          Harm     .   a - ring of the Ancients {EV+4 Int+5 Dex-2}
rCorr   .          Rampage  .   n - ring of wizardry
Will    .....                   (no ring)
Stlth   +++.......              (no ring)
HPRegen 0.16/turn               (no ring)
MPRegen 0.13/turn               (no ring)
                                (no ring)
                                (no ring)

@: spider-form, wereblooded, very slow
A: venomous fangs, almost no armour, (amphibious), 8 rings, tiny, (camouflage
1), (gelatinous body 1), (nimble swimmer 1), (tentacles)
a: End Transformation, Renounce Religion, Bend Time


You were on level 7 of the Dungeon.
You worshipped Cheibriados.
Cheibriados was aware of your devotion.
You were a venomous arachnid creature.
You visited 2 branches of the dungeon, and saw 8 of its levels.

You collected 352 gold pieces.

Inventory:

Missiles
 p - 19 poisoned darts
Jewellery
 a - the ring of the Ancients (left front leg) {EV+4 Int+5 Dex-2}
   (You acquired it on level 4 of the Dungeon)

   [ring of evasion]

   EV:        It affects your evasion (+4).
   Int:       It affects your intelligence (+5).
   Dex:       It affects your dexterity (-2).
 n - a ring of wizardry (right front leg)
Wands
 h - a wand of charming (9)
 l - a wand of flame (23)
Scrolls
 g - a scroll of amnesia
 m - a scroll of identify
 o - a scroll of vulnerability {unknown}
Potions
 b - a potion of curing {unknown}
 c - 2 potions of brilliance
 f - a potion of invisibility {unknown}
 i - 3 potions of haste
 j - a potion of lignification {unknown}
 k - a potion of flight {unknown}


   Skills:
 - Level 1.0 Fighting
 + Level 3.0 Dodging
 * Level 4.6 Stealth
 * Level 6.6 Unarmed Combat
 + Level 2.9 Spellcasting
 + Level 4.8 Transmutations
 - Level 4.0 Poison Magic


You couldn't memorise any spells.
You knew the following spells:

 Your Spells              Type           Power      Damage    Failure   Level
a - Beastly Appendage     Tmut           54%        N/A       2%          1
b - Wereblood             Tmut           27%        N/A       3%          2
c - Spider Form           Tmut/Pois      25%        N/A       6%          3
d - Ice Form              Ice/Tmut       15%        N/A       28%         4
e - Blink                 Tloc           6%         N/A       14%         2

Your spell library contained the following spells:

 Spells                   Type           Power      Damage    Failure   Level
 Animate Skeleton         Necr           6%         N/A       11%         1
 Magic Dart               Conj           12%        1d3       11%         1
 Pain                     Necr           12%        1d4       11%         1
 Shock                    Conj/Air       12%        1d3       11%         1
 Searing Ray              Conj           6%         2d4       14%         2
 Swiftness                Air            3%         N/A       24%         3
 Vampiric Draining        Necr           3%         2d6       24%         3
 Airstrike                Air            1%         N/A       54%         4
 Fulminant Prism          Conj/Hex       1%         3d6       54%         4
 Manifold Assault         Tloc           3%         N/A       83%         5
 Storm Form               Tmut/Air       7%         N/A       100%        7


Dungeon Overview and Level Annotations

Branches:
Dungeon (6/15)             Temple (1/1) D:5

Altars:
Ashenzari
Cheibriados
Dithmenos
Elyvilon
Fedhas
Gozag
Hepliaklqana
Kikubaaqudgha
Makhleb
Nemelex Xobeh
Okawaru
Ru
Sif Muna
Trog
Uskayaw
Vehumet
Wu Jian
Xom
Yredelemnul
Zin
The Shining One


Innate Abilities, Weirdness & Mutations

You are a venomous arachnid creature.
You have poisonous fangs.
You are tiny and dextrous.
Your spellcasting is less reliable in this form.
Your armour is entirely melded.
You are incapable of wielding weapons or throwing items.
You cannot wear most types of armour.
((You are amphibious.))
You can wear up to eight rings at the same time.
((Your skin changes colour to match your surroundings (Stealth+).))
((Your rubbery body absorbs attacks. (AC +1, EV +1)))
((You are camouflaged near water. (Stealth+)))
((You have tentacles for arms and can constrict up to eight enemies at once.))


Message History

The centaur shouts!
The centaur wields a +0 shortbow.
The centaur shoots an arrow.
The arrow hits you!
* * * LOW HITPOINT WARNING * * *
Okay, then.
Okay, then.
Casting: Wereblood (safe; 1% risk of failure)
Confirm with . or Enter, or press ? or * to list all spells.
You blink.
An ogre comes into view. It is wielding a +0 giant club.
Your surroundings suddenly seem different. 2 white imps come into view.
Found a stone staircase leading down.
The white imp shouts, "Out, out, thou mammering weevil-witted mammet!"
The ogre moves out of view.
You open the door.
Found 15 stones.
You feel stable enough to blink again.
There is an open door here.
Casting: Blink (safe; 6% risk of failure)
Confirm with . or Enter, or press ? or * to list all spells.
You turn into a venomous arachnid creature.
The white imp shouts, "Leave, thou loggerheaded spleeny pumpion!"
Casting: Spider Form (dangerous; 6% risk of failure)
Confirm with . or Enter, or press ? or * to list all spells.
Your blood is infused with primal strength.
The white imp gestures at you. The puff of frost hits you!
* * * LOW HITPOINT WARNING * * *
Blink to where?
Press: ? - help, Dir - move target
Found 15 arrows and a pair of boots.
Found an escape hatch in the ceiling.
Found a stone staircase leading up.
As you read the scroll of blinking, it crumbles to dust.
The white imp gestures at you. The puff of frost misses you.
There is an escape hatch in the ceiling here.
The white imp gestures at you. The puff of frost hits you!
You die...

##....##.......... #..
#.................##..
#.[...##..5##.........
#....##...##.........
##.........#########..
#......(...# #..
#..........# ...
#.....##...# ....
#.<..s# ...# .....
#......# ...# ......
####...# ...# .......
#..... ...# ........
#..... .# ... #......
... ###..## ... #..#
...


You could see a white imp.

Vanquished Creatures
  A sky beast (D:5)
  4 ogres
  A bullfrog (D:6)
  A scorpion (D:6)
  2 water moccasin skeletons
  A wyvern skeleton (D:6)
  A bullfrog zombie (D:6)
  A jelly (D:6)
  An orc priest (D:3)
  2 iguanas
  2 bullfrog skeletons (D:5)
  Terence (D:3)
  Jessica (D:2)
  A howler monkey zombie (D:4)
  5 adders
  2 ufetubi
  2 worms
  A dart slug (D:3)
  11 orcs
  4 bats
  4 endoplasms
  7 giant cockroaches
  7 goblins
  8 hobgoblins
  2 jackals (D:3)
  9 kobolds
  4 quokkas
  4 ball pythons
  5 frilled lizards
  3 rats
98 creatures vanquished.

Notes
Turn   | Place    | Note
-------+----------+-------------------------------------------
     0 | D:1      | ChaosChampion the Octopode Transmuter began the quest for
                  | the Orb.
     0 | D:1      | Reached XP level 1. HP: 13/13 MP: 3/3
   418 | D:1      | Reached XP level 2. HP: 18/18 MP: 3/5
   869 | D:1      | Learned a level 2 spell: Wereblood
  1042 | D:1      | Found a faded altar of an unknown god.
  1755 | D:2      | Reached XP level 3. HP: 23/23 MP: 2/6
  1759 | D:2      | Learned a level 3 spell: Spider Form
  1951 | D:2      | Noticed Jessica
  1963 | D:2      | Killed Jessica
  1964 | D:2      | Reached skill level 4 in Unarmed Combat
  1964 | D:2      | Reached skill level 1 in Poison Magic
  1964 | D:2      | Reached XP level 4. HP: 26/28 MP: 2/7
  3075 | D:3      | Noticed a sky beast
  3190 | D:3      | You fall into a shaft and drop 1 floor!
  3206 | D:4      | Reached XP level 5. HP: 25/33 MP: 3/8
  3876 | D:3      | Noticed Terence
  3894 | D:3      | Killed Terence
  3901 | D:3      | Reached XP level 6. HP: 37/38 MP: 5/9
  4390 | D:4      | Identified a scroll of acquirement
  4390 | D:4      | Acquired the ring of the Ancients {EV+4 Int+5 Dex-2}
  5447 | D:5      | Entered Level 5 of the Dungeon
  5449 | D:5      | Found a staircase to the Ecumenical Temple.
  5459 | Temple   | Entered the Ecumenical Temple
  5473 | Temple   | Reached skill level 5 in Unarmed Combat
  5769 | Temple   | Became a worshipper of Cheibriados the Contemplative
  5960 | D:5      | Noticed a sky beast
  6117 | D:5      | Killed a sky beast
  6118 | D:5      | Reached XP level 7. HP: 29/43 MP: 5/10
  6270 | D:5      | Reached skill level 1 in Stealth
  6505 | D:5      | Reached skill level 6 in Unarmed Combat
  7439 | D:6      | Reached XP level 8. HP: 46/48 MP: 6/11
  7545 | D:6      | Learned a level 4 spell: Ice Form
  7548 | D:6      | Learned a level 2 spell: Blink
  7654 | D:6      | Reached * piety under Cheibriados
  7864 | D:6      | You fall into a shaft and drop 1 floor!
  7880 | D:7      | Killed from afar by a white imp

Illustrated notes

Levels and vault maps discovered:
D:1:      dpeg_arrival_boxes_within_box, layout_basic, serial_co_window_serial,
          co_window_corner_a, co_window_paths_b, co_window_corner_a,
          co_window_paths_b, co_window_paths_b, co_window_of_opportunity_a,
          co_window_paths_b, co_window_corner_ca, co_window_broadway_c,
          co_window_corner_b, co_window_2corner, co_window_of_opportunity_b,
          co_window_unsneaky_path_e, co_window_paths_c, glass_columns_c,
          glass_columns_b, glass_columns_b, glass_columns_a, glass_columns_b,
          shapermc_ecumenical_altar_ellora
D:2:      layout_basic, uniq_jessica
D:3:      layout_rooms, uniq_terence
D:4:      layout_loops_corners
D:5:      layout_basic, minmay_temple_entry_glass, minivault_1, kennysheep_nub
D:6:      kennysheep_steamy, layout_loops_ring
D:7:      layout_gridville
Temple:   minmay_crystal_snake_temple

Skill      XL: |  1  2  3  4  5  6  7  8 |
---------------+-------------------------+-----
Unarmed Combat | 4 5 6 |  6.6
Poison Magic   | 1 2 3 4 |  4.0
Transmutations | 3 4 |  4.8
Stealth        | 3 4 |  4.6
Dodging        | 3 |  3.0
Fighting       | |  1.0
Spellcasting   | |  2.9

Action                   |  1- 3 |  4- 6 |  7- 9 || total
-------------------------+-------+-------+-------++-------
Melee: Unarmed           |    49 |   153 |    63 ||   265
       Constrict         |    13 |     9 |     1 ||    23
       Tentacles         |     3 |     8 |     1 ||    12
       Punch             |     2 |     1 |       ||     3
       Kick              |     6 |     5 |       ||    11
 Cast: Beastly Appendage |    16 |     9 |       ||    25
       Wereblood         |    11 |    28 |    14 ||    53
       Spider Form       |     2 |    22 |    16 ||    40
       Blink             |       |       |     1 ||     1
  Use: Scroll            |       |    11 |     2 ||    13
 Stab: Sleeping          |     8 |     3 |     2 ||    13
Armor: Skin              |     2 |     9 |     3 ||    14
Dodge: Dodged            |    24 |   123 |    42 ||   189

Table legend: (Time is in decaauts)
 A = Elapsed time spent in this place.
 B = Non-inter-level travel time spent in this place.
 C = Inter-level travel time spent in this place.
 D = Time resting spent in this place.
 E = Time spent auto-exploring this place.
 F = Levels seen in this place.
 G = Mean time per level.
                   A        B        C        D        E       F      G
               +--------+--------+--------+--------+--------+-----+--------+
         Total |   8222 |   8110 |    112 |    702 |   5804 |   8 | 1027.8 |
       Dungeon |   7881 |   7769 |    112 |    702 |   5553 |   7 | 1125.9 |
        Temple |    341 |    341 |      0 |      0 |    251 |   1 |  341.0 |
               +--------+--------+--------+--------+--------+-----+--------+

Top non-repeatable levels by time:
     D:5: 1706 daAuts
     D:1: 1639 daAuts
     D:4: 1385 daAuts
     D:2: 1335 daAuts
     D:3: 1076 daAuts
     D:6: 718 daAuts
  Temple: 341 daAuts
     D:7: 18 daAuts
